 Dungeon Crawl Stone Soup version 0.30.0 (webtiles) character file.

Game seed: 13887983913324210582

5161 Blaizen the Grappler (level 10, -2/110 HPs)
             Began as a Naga Transmuter on May 16, 2023.
             Was a Plaything of Xom.
             Slain by a sixfirhy (4 damage)
             ... summoned by a kobold demonologist
             ... on level 9 of the Dungeon.
             The game lasted 00:48:46 (8494 turns).

Blaizen the Grappler (Naga Transmuter)              Turns: 8494, Time: 00:48:47

Health: -2/110     AC:  8    Str: 14    XL:     10   Next: 59%
Magic:  16/19      EV: 11    Int: 17    God:    Xom [...*..]
Gold:   416        SH:  0    Dex: 11    Spells: 3/21 levels left

rFire   . .          .
                       - Unarmed
rCold   + + +        (shield currently unavailable)
rNeg    . . .        a - melded +0 robe
rPois   +            (helmet currently unavailable)
rElec   +            q - melded +1 cloak
rCorr   +            (gloves currently unavailable)
SInv    +            o - melded +0 barding
Will    +....        (no amulet)
Stlth   +            r - ring of wizardry
HPRegen 0.00/turn    h - ring of protection from cold
MPRegen 0.16/turn

%: wizardry (x1)
@: ice-form, resistant, inhibited regen
A: freezing attack, amphibious, boosted hp, AC +3, large, see invisible,
(deformed body), (poison resistance), (slowness 2), spit poison 2, (naga tail
1), (horns 1), (iridescent scales 1), robust 1, inhibited regeneration, wild
magic 1, inability to read after injury 1, MP-powered wands
a: Breathe Poison Gas, End Transformation, Renounce Religion


You were on level 9 of the Dungeon.
You worshipped Xom.
You were a favourite toy of Xom.
You were a creature of crystalline ice.
You visited 1 branch of the dungeon, and saw 8 of its levels.

You collected 416 gold pieces.

Inventory:

Hand Weapons
 m - a +5 trident
 v - the +9 dagger "Imp's Funeral" {pain, rCorr}
   (You found it on level 3 of the Dungeon)

   rCorr:     It protects you from acid and corrosion.
 A - a +3 flail
 C - a +1 dagger of venom
Missiles
 i - 2 atropa-tipped darts
 l - 2 throwing nets
Armour
 a - a +0 robe (melded)
 o - a +0 barding (melded)
 q - a +1 cloak (melded)
 H - an orb of guile
Jewellery
 e - a ring of see invisible
 h - a ring of protection from cold (right front paw)
 n - a +6 ring of dexterity
 p - a ring of flight
 r - a ring of wizardry (left front paw)
 s - a ring of fire
 x - a ring of resist corrosion
Wands
 y - a wand of mindburst (11)
 K - a wand of flame (13)
Scrolls
 d - 2 scrolls of enchant weapon
 f - 2 scrolls of vulnerability
 g - a scroll of torment
 j - 2 scrolls of amnesia
 D - 2 scrolls of identify
 G - a scroll of noise {unknown}
 I - a scroll of fear
 J - a scroll of brand weapon {unknown}
Potions
 b - 2 potions of lignification
 c - a potion of flight
 k - 4 potions of mutation
 t - 2 potions of cancellation
 z - a potion of degeneration
 B - a potion of attraction


   Skills:
 + Level 3.5 Fighting
 + Level 5.0 Dodging
 - Level 0.2 Stealth
 + Level 9.8 Unarmed Combat
 + Level 6.4 Spellcasting
 + Level 6.4 Transmutations
 + Level 3.9 Ice Magic
 + Level 0.4 Air Magic
 + Level 2.4 Poison Magic


You had 3 spell levels left.
You knew the following spells:

 Your Spells              Type           Power      Damage    Failure   Level
a - Beastly Appendage     Tmut           70%        N/A       1%          1
b - Spider Form           Tmut/Pois      26%        N/A       4%          3
c - Vampiric Draining     Necr           7%         2d6       21%         3
d - Ice Form              Ice/Tmut       30%        N/A       9%          4
e - Swiftness             Air            8%         N/A       16%         3
f - Wereblood             Tmut           35%        N/A       1%          2
g - Poisonous Vapours     Pois/Air       26%        N/A       6%          2

Your spell library contained the following spells:

 Spells                   Type           Power      Damage    Failure   Level
 Passwall                 Tmut/Erth      17%        N/A       3%          2
 Ensorcelled Hibernation  Hex/Ice        30%        N/A       5%          2
 Necrotise                Necr           28%        1d5       7%          1
 Sublimation of Blood     Necr           7%         N/A       11%         2
 Mephitic Cloud           Conj/Pois/Air  11%        N/A       14%         3
 Freezing Cloud           Conj/Ice/Air   6%         6-21      63%         5
 Agony                    Necr           7%         N/A       82%         5
 Summon Hydra             Summ           3%         N/A       100%        7


Dungeon Overview and Level Annotations

Branches:
Dungeon (7/15)             Temple (0/1) D:7

Altars:
Ashenzari
Dithmenos
Gozag
Trog
Xom
Yredelemnul
Zin

Shops:
D:1 [   D:2 [

Annotations:
D:3 1 runed translucent door, cpf86's ghost, amateur AtBr
D:9 Harold


Innate Abilities, Weirdness & Mutations

You are a creature of crystalline ice.
You have a powerful freezing melee attack.
You are amphibious.
Your maximum health is increased.
Your armour is entirely melded.
You are incapable of wielding weapons or throwing items.
((Your serpentine skin is tough. (AC +3)))
You have supernaturally acute eyesight. (SInv)
((Armour fits poorly on your strangely shaped body.))
((Your system is resistant to poisons. (rPois)))
((You cover ground very slowly.))
You can exhale a cloud of poison.
((You have a snake-like lower body.))
((You have a pair of small horns on your head.))
((You are partially covered in iridescent scales. (AC +2)))
You are robust. (+10% HP)
You do not regenerate when monsters are visible.
Your spells are a little harder to cast, but a little more powerful.
You occasionally lose the ability to read scrolls when taking damage.
You expend magic power (3 MP) to strengthen your wands.


Message History

The kobold demonologist miscasts a cantrip.
You punch the sixfirhy! You freeze the sixfirhy.
The sixfirhy is moderately wounded.
The sixfirhy hits you but does no damage.
The sixfirhy hits you! The sixfirhy shocks you!
The kobold demonologist gestures wildly while chanting.
The sixfirhy hits you but does no damage.
You hit the sixfirhy. You freeze the sixfirhy.
The sixfirhy is moderately wounded.
The sixfirhy hits you. The sixfirhy shocks you! The sixfirhy hits you!
The sixfirhy shocks you! The sixfirhy hits you. The sixfirhy shocks you!
You feel better. The sixfirhy hits you! The sixfirhy shocks you!
The sixfirhy closely misses you.
You hit the sixfirhy but do no damage.
The sixfirhy is moderately wounded.
The kobold demonologist hits you with a +1 dagger of venom.
* * * LOW HITPOINT WARNING * * *
It was a potion of resistance.
You feel protected.
The kobold demonologist closely misses you.
The sixfirhy attacks as you move away! The sixfirhy hits you.
* * * LOW HITPOINT WARNING * * *
The sixfirhy shocks you. You resist.
* * * LOW HITPOINT WARNING * * *
The sixfirhy hits you!
* * * LOW HITPOINT WARNING * * *
The sixfirhy shocks you. You resist.
* * * LOW HITPOINT WARNING * * *
The sixfirhy hits you but does no damage.
The sixfirhy hits you.
* * * LOW HITPOINT WARNING * * *
The sixfirhy shocks you. You resist.
* * * LOW HITPOINT WARNING * * *
The sixfirhy hits you.
* * * LOW HITPOINT WARNING * * *
The sixfirhy shocks you. You resist.
* * * LOW HITPOINT WARNING * * *
The sixfirhy hits you.
You die...
Xom guffaws!

#......§§§.....# #..K.###)#####
#.......§#########..#...#......
#.......(# #...#...'......
#........########.<##...#......
#..............##...........#+#
#..............##.###.###.....
#..............##.# #.# #......
#####......4K3.##.###+###......
#..<.....[Y'..##.........>.
#..........##.##....##.....
..........###......#
..........###......#
..........##.#.....#
#########.##..#....#
#.##...#..## #.###...##########
#.###...##...##...


You could see a rust devil (summoned), a kobold demonologist and a sixfirhy
(summoned).

Vanquished Creatures
  A two-headed ogre (D:6)
  Joseph (D:7)
  The ghost of brinewave the Chopper, a novice MiBe of Trog (D:5)
  An unseen horror (D:7)
  A hornet (D:7)
  3 yaks (D:9)
  A wraith (D:9)
  A steam dragon (D:9)
  2 water moccasins
  An orc warrior (D:7)
  An ice beast (D:6)
  A black bear (D:6)
  4 ogres
  3 centaurs
  A phantom (D:4)
  A gnoll sergeant (D:6)
  2 bullfrogs (D:6)
  2 scorpions
  3 wights (D:7)
  2 quasits (D:5)
  2 orc priests (D:5)
  A centaur skeleton (D:3)
  2 gnoll boudas
  6 hounds
  A jelly (D:6)
  4 iguanas
  A sleepcap (D:5)
  Natasha (thrice) (D:3)
  5 orc wizards
  A hound zombie (D:3)
  16 gnolls
  4 river rats (D:4)
  9 adders
  An adder skeleton (D:3)
  5 worms
  4 dart slugs
  20 orcs
  9 endoplasms
  3 giant cockroaches
  8 goblins
  7 hobgoblins
  5 quokkas
  3 ball pythons (D:1)
  A ball python skeleton (D:3)
  7 bats
  4 frilled lizards
  25 kobolds
  A quokka zombie (D:3)
  6 rats
  A spectral giant cockroach (D:3)
198 creatures vanquished.

Vanquished Creatures (others)
  A fungus (D:6)
  64 plants (D:5)
  23 withered plants (D:3)
88 creatures vanquished.

Grand Total: 286 creatures vanquished

Notes
Turn   | Place    | Note
-------+----------+-------------------------------------------
     0 | D:1      | Blaizen the Naga Transmuter began the quest for the Orb.
     0 | D:1      | Reached XP level 1. HP: 18/18 MP: 3/3
   385 | D:1      | Reached XP level 2. HP: 25/25 MP: 3/5
   847 | D:1      | Reached XP level 3. HP: 18/31 MP: 3/6
   959 | D:1      | Found Osuafuk's Antique Armour Shoppe.
  1636 | D:2      | Found a bloodstained altar of Trog.
  1695 | D:2      | Learned a level 3 spell: Spider Form
  1741 | D:2      | Found Baifum's Armour Shoppe.
  1848 | D:2      | Reached XP level 4. HP: 37/38 MP: 5/7
  2274 | D:2      | You fall into a shaft and drop 2 floors!
  2309 | D:4      | Noticed an ogre
  2362 | D:3      | Found a glowing silver altar of Zin.
  2365 | D:3      | Noticed an angel
  2368 | D:3      | Found a shimmering altar of Xom.
  2390 | D:3      | Became a worshipper of Xom of Chaos
  2413 | D:3      | Found a runed translucent door.
  2468 | D:3      | XOM: confusion
  2472 | D:3      | Reached skill level 4 in Unarmed Combat
  2498 | D:3      | XOM: noise
  2521 | D:3      | XOM: silly message
  2629 | D:3      | Noticed Natasha
  2638 | D:3      | XOM: 6-stop teleportation journey
  2638 | D:3      | Killed Natasha
  2639 | D:3      | Reached XP level 5. HP: 34/44 MP: 5/9
  2643 | D:3      | Noticed Natasha
  2646 | D:3      | XOM: give mutations
  2646 | D:3      | Gained mutation: You occasionally shout uncontrollably at
                  | your foes. [Xom's mischief]
  2646 | D:3      | Gained mutation: You do not regenerate when monsters are
                  | visible. [Xom's mischief]
  2646 | D:3      | Gained mutation: You can exhale a cloud of poison. [Xom's
                  | mischief]
  2647 | D:3      | XOM: noise
  2651 | D:3      | Killed Natasha
  2919 | D:3      | Identified the +9 dagger "Imp's Funeral" {pain, rCorr}
  2949 | D:3      | Reached skill level 1 in Poison Magic
  2990 | D:3      | Noticed cpf86's ghost (amateur AtBr)
  3067 | D:3      | Noticed Natasha
  3070 | D:3      | XOM: potion effect (magic)
  3073 | D:3      | Killed Natasha
  3074 | D:3      | Reached XP level 6. HP: 47/51 MP: 10/10
  3238 | D:4      | Learned a level 3 spell: Vampiric Draining
  3243 | D:4      | Learned a level 4 spell: Ice Form
  3262 | D:4      | XOM: butterfly on damage
  3362 | D:4      | XOM: divination: detect items
  3428 | D:4      | XOM: noise
  3490 | D:4      | XOM: cloud trail
  3642 | D:4      | Reached skill level 5 in Unarmed Combat
  3652 | D:4      | XOM: potion effect (brilliance)
  3662 | D:4      | Reached XP level 7. HP: 42/57 MP: 2/12
  3825 | D:4      | Lost mutation: You can exhale a cloud of poison. [potion of
                  | mutation]
  3825 | D:4      | Lost mutation: You occasionally shout uncontrollably at
                  | your foes. [potion of mutation]
  3825 | D:4      | Gained mutation: Your spells are a little harder to cast,
                  | but a little more powerful. [potion of mutation]
  3825 | D:4      | Gained mutation: You occasionally lose the ability to read
                  | scrolls when taking damage. [potion of mutation]
  3825 | D:4      | Gained mutation: You are partially covered in iridescent
                  | scales. (AC +2) [potion of mutation]
  3877 | D:4      | XOM: noise
  4641 | D:5      | Entered Level 5 of the Dungeon
  4642 | D:5      | XOM: potion effect (brilliance)
  4657 | D:5      | Reached skill level 1 in Ice Magic
  4794 | D:5      | XOM: potion effect (haste)
  4870 | D:5      | Reached skill level 6 in Unarmed Combat
  4870 | D:5      | Reached XP level 8. HP: 66/66 MP: 8/14
  5052 | D:5      | Noticed brinewave's ghost (novice MiBe)
  5066 | D:5      | Found a transporter.
  5071 | D:5      | Found a transporter.
  5447 | D:5      | XOM: divination: detect items
  5458 | D:5      | XOM: divination: detect items
  5587 | D:5      | Found an opulent altar of Gozag.
  5623 | D:5      | XOM: give mutations
  5623 | D:5      | Gained mutation: You expend magic power (3 MP) to
                  | strengthen your wands. [Xom's grace]
  5623 | D:5      | Gained mutation: You have a pair of small horns on your
                  | head. [Xom's grace]
  5623 | D:5      | Gained mutation: You can exhale a cloud of poison. [Xom's
                  | grace]
  5623 | D:5      | Gained mutation: You are robust. (+10% HP) [Xom's grace]
  5662 | D:5      | XOM: enchant monster (good)
  5682 | D:5      | XOM: cleaving
  5688 | D:5      | Killed brinewave's ghost
  5871 | D:6      | Reached skill level 7 in Unarmed Combat
  5875 | D:6      | XOM: divination: magic mapping
  5888 | D:6      | XOM: enchant monster (bad)
  6182 | D:6      | Reached skill level 5 in Spellcasting
  6182 | D:6      | Reached XP level 9. HP: 43/80 MP: 13/16
  6189 | D:6      | Learned a level 3 spell: Swiftness
  6192 | D:6      | Learned a level 2 spell: Wereblood
  6195 | D:6      | Found a shadowy altar of Dithmenos.
  6206 | D:6      | Found a broken altar of Ashenzari.
  6213 | D:6      | Found a basalt altar of Yredelemnul.
  6257 | D:6      | XOM: god gift: 2 atropa-tipped darts
  6462 | D:6      | XOM: snakes to sticks
  6542 | D:6      | XOM: cleaving
  6563 | D:6      | Reached skill level 5 in Transmutations
  6564 | D:6      | Noticed a two-headed ogre
  6791 | D:6      | XOM: divination: detect items
  6838 | D:6      | Killed a two-headed ogre
  6839 | D:6      | Reached skill level 8 in Unarmed Combat
  6952 | D:6      | XOM: god gift: potion of mutation
  7003 | D:7      | Noticed Joseph
  7020 | D:7      | Killed Joseph
  7021 | D:7      | Reached skill level 9 in Unarmed Combat
  7021 | D:7      | Reached XP level 10. HP: 32/92 MP: 1/18
  7051 | D:7      | XOM: 3-stop teleportation journey
  7303 | D:7      | XOM: potion effect (magic)
  7475 | D:7      | XOM: silly message
  7485 | D:7      | Learned a level 2 spell: Poisonous Vapours
  7489 | D:7      | Noticed an unseen horror
  7766 | D:7      | Found a staircase to the Ecumenical Temple.
  7918 | D:7      | XOM: noise
  7926 | D:7      | Killed an unseen horror
  7978 | D:7      | You fall into a shaft and drop 2 floors!
  8154 | D:9      | XOM: silly message
  8177 | D:9      | Reached skill level 5 in Dodging
  8258 | D:9      | XOM: god gift: sharpened wooden wand {god gift}
  8270 | D:9      | XOM: smoke on damage
  8278 | D:9      | Noticed a kobold demonologist
  8302 | D:9      | Noticed Harold
  8307 | D:9      | Noticed a rust devil
  8487 | D:9      | Noticed a sixfirhy
  8489 | D:9      | Noticed a rust devil
  8494 | D:9      | HP: 5/110 [sixfirhy[a kobold demonologist] (2)]
  8494 | D:9      | HP: 2/110 [sixfirhy[a kobold demonologist] (3)]
  8494 | D:9      | Slain by a sixfirhy

Illustrated notes

Levels and vault maps discovered:
D:1:      dpeg_cavernosity, layout_loops_ring, serial_shops,
          nicolae_shop_waterfront, minivault_25
D:2:      layout_basic, basic_altar, serial_shops, shop
D:3:      layout_rooms, grunt_temple_overflow_order_and_chaos_1,
          ebering_ghost_reflecting_pool, minivault_23, dilly_guarded_unrand_morg
D:4:      wander_river, layout_basic, lightli_sewer_entry_pipes,
          minmay_misc_feat_iff
D:5:      kennysheep_kobold_camp, layout_rooms, grunt_gozag_statues,
          gammafunk_ghost_stat_death
D:6:      layout_loops_ring, minmay_overflow_temple_star_quad,
          dreamdust_gnoll_farm
D:7:      layout_basic, minmay_temple_entry_glassed_door,
          amcnicky_mini_pool_small, palyth_stone_intersect, uniq_joseph
D:9:      layout_basic, palyth_temple_overflow_mages, cheibriados_altar_1,
          orc_0_dummy, hangedman_decor_slide_cut, kennysheep_generic_room_12,
          uniq_prince_ribbit1, uniq_harold

Skill      XL: |  1  2  3  4  5  6  7  8  9 10 |
---------------+-------------------------------+-----
Unarmed Combat | 4 5 6 7 9 |  9.8
Spellcasting   | 3 4 5 6 |  6.4
Transmutations | 3 4 5 6 |  6.4
Dodging        | 2 3 4 5 |  5.0
Poison Magic   | 1 2 |  2.4
Ice Magic      | 1 2 3 |  3.9
Fighting       | 2 3 |  3.5
Stealth        | |  0.2
Air Magic      | |  0.4

Action                     |  1- 3 |  4- 6 |  7- 9 | 10-12 || total
---------------------------+-------+-------+-------+-------++-------
  Melee: Unarmed           |   136 |   118 |   251 |    66 ||   571
         Headbutt          |    14 |     5 |     1 |       ||    20
   Cast: Beastly Appendage |    25 |    11 |     2 |       ||    38
         Spider Form       |     2 |    17 |     6 |       ||    25
         Ice Form          |       |     2 |    26 |    12 ||    40
         Wereblood         |       |       |     6 |       ||     6
         Swiftness         |       |       |       |     1 ||     1
    Use: Scroll            |     4 |     3 |     8 |     3 ||    18
         Potion            |     3 |     3 |     8 |     2 ||    16
   Stab: Sleeping          |       |       |     1 |       ||     1
         Paralysed         |       |       |     2 |       ||     2
 Armour: Robe              |    29 |    14 |    32 |     5 ||    80
         Skin              |       |    12 |    95 |    19 ||   126
  Dodge: Dodged            |    73 |    85 |   161 |    46 ||   365
